 Dungeon Crawl Stone Soup version 0.29-a0-542-g075992c915 (webtiles) character file.

Game seed: 9686060284723903365

53750 Morbidden the Grappler (level 14, -1/131 HPs)
             Began as a Troll Conjurer on June 4, 2022.
             Was the Champion of Cheibriados.
             Slain by a boulder beetle (42 damage)
             ... on level 15 of the Dungeon.
             The game lasted 00:49:47 (24542 turns).

Morbidden the Grappler (Troll Conjurer)            Turns: 24542, Time: 00:49:48

Health: -1/131     AC:  9    Str: 45    XL:     14   Next: 32%
Magic:  16/31      EV: 16    Int: 37    God:    Cheibriados [******]
Gold:   1179       SH:  0    Dex: 29    Spells: 9/26 levels left

rFire   . . .      SeeInvis .     - Unarmed
rCold   . . .      Faith    .   (no shield)
rNeg    . . .      Spirit   .   X - +1 troll leather armour
rPois   .          Reflect  .   (helmet restricted)
rElec   .          Harm     .   V - +1 cloak of Miracles {Will- Dex+4 Slay+3}
rCorr   .          Rampage  .   (gloves unavailable)
Will    +++..                   (boots unavailable)
Stlth   +++.......              l - amulet of regeneration
HPRegen 2.71/turn               S - ring of Sloth {Str+6 Int+4 Slay+3}
MPRegen 0.22/turn               C - ring "Neuttuek" {*Corrode Will+++ MP+9 Str+6 Dex+2}

@: very slow
A: large, unfitting armour, claws 3, regeneration 1, shaggy fur 1, tough skin 1
a: Renounce Religion, Bend Time, Temporal Distortion, Slouch, Step From Time


You were on level 15 of the Dungeon.
You worshipped Cheibriados.
Cheibriados was exalted by your worship.
You visited 3 branches of the dungeon, and saw 21 of its levels.
You also visited: Ossuary and Ice Cave.

You collected 1397 gold pieces.
You spent 218 gold pieces at shops.

Inventory:

Missiles
 i - 18 javelins
 n - 2 boomerangs (quivered)
 B - 2 throwing nets
 G - 6 curare-tipped darts
 U - 11 large rocks
Armour
 J - +0 acid dragon scales
 V - the +1 cloak of Miracles (worn) {Will- Dex+4 Slay+3}
   (You bought it in a shop on level 12 of the Dungeon)

   Dex:       It affects your dexterity (+4).
   Slay:      It affects your accuracy & damage with ranged weapons and melee
   (+3).
   Will:      It decreases your willpower.
 X - a +1 troll leather armour (worn)
Jewellery
 l - an amulet of regeneration (around neck)
 q - a +6 ring of dexterity
 C - the ring "Neuttuek" (right claw) {*Corrode Will+++ MP+9 Str+6 Dex+2}
   (You found it on level 6 of the Dungeon)

   [ring of strength]

   Str:       It affects your strength (+6).
   Dex:       It affects your dexterity (+2).
   MP:        It affects your magic capacity (+9).
   *Corrode:  It may corrode you when you take damage.
   Will:      It greatly increases your willpower.
 H - the ring of Idorob {rPois rF+}
   (You acquired it on level 9 of the Dungeon)

   [ring of protection from fire]

   rF:        It protects you from fire.
   rPois:     It protects you from poison.
 M - a ring of resist corrosion
 O - a ring of willpower
 R - a +4 ring of protection
 S - the ring of Sloth (left claw) {Str+6 Int+4 Slay+3}
   (You found it on level 11 of the Dungeon)

   [ring of strength]

   Str:       It affects your strength (+6).
   Int:       It affects your intelligence (+4).
   Slay:      It affects your accuracy & damage with ranged weapons and melee
   (+3).
 T - a +4 ring of protection
Wands
 a - a wand of flame (49)
 o - a wand of paralysis (6)
 u - a wand of charming (18)
 D - a wand of polymorph (6)
 E - a wand of mindburst (12)
 F - a wand of iceblast (2)
Scrolls
 d - 5 scrolls of identify
 h - 2 scrolls of teleportation
 k - a scroll of silence
 m - 5 scrolls of blinking
 w - 2 scrolls of enchant weapon
 y - 3 scrolls of magic mapping
 K - 3 scrolls of fog
 L - 2 scrolls of amnesia
 N - a scroll of poison
 Q - a scroll of summoning
 W - 2 scrolls of fear
Potions
 b - 6 potions of magic
 c - 2 potions of mutation
 e - 6 potions of curing
 f - 4 potions of lignification
 g - 3 potions of berserk rage
 j - 2 potions of heal wounds
 p - 2 potions of ambrosia
 r - 4 potions of might
 s - a potion of resistance
 t - a potion of brilliance
 v - 4 potions of cancellation
 x - 6 potions of attraction
 z - a potion of invisibility
 A - a potion of flight
Miscellaneous
 I - a lightning rod (4/4)


   Skills:
 * Level 6.5 Fighting
 * Level 4.4 Throwing
 + Level 3.0 Armour
 * Level 6.8 Dodging
 + Level 2.5 Stealth
 * Level 10.3 Unarmed Combat
 * Level 6.6 Spellcasting
 * Level 7.6 Conjurations
 * Level 5.3 Translocations
 * Level 5.0 Transmutations
 * Level 4.5 Air Magic
 * Level 6.6 Invocations
 + Level 0.4 Evocations


You had 9 spell levels left.
You knew the following spells:

 Your Spells              Type           Power      Damage    Failure   Level
a - Magic Dart            Conj           100%       1d8       1%          1
b - Searing Ray           Conj           100%       2d8       1%          2
c - Beastly Appendage     Tmut           98%        N/A       1%          1
s - Storm Form            Tmut/Air       23%        N/A       98%         7
x - Wereblood             Tmut           49%        N/A       1%          2
z - Iskenderun's Mystic   Conj/Tloc      56%        2d12      2%          4

Your spell library contained the following spells:

 Spells                   Type           Power      Damage    Failure   Level
 Apportation              Tloc           100%       N/A       1%          1
 Blink                    Tloc           100%       N/A       1%          2
 Passwall                 Tmut/Erth      25%        N/A       1%          2
 Static Discharge         Conj/Air       55%        N/A       1%          2
 Conjure Flame            Conj/Fire      40%        6-21      1%          3
 Dazzling Flash           Conj/Hex       80%        N/A       1%          3
 Gell's Gravitas          Tloc           51%        N/A       1%          3
 Lesser Beckoning         Tloc           51%        N/A       1%          3
 Stone Arrow              Conj/Erth      80%        3d12      1%          3
 Swiftness                Air            45%        N/A       1%          3
 Teleport Other           Tloc           51%        N/A       1%          3
 Portal Projectile        Hex/Tloc       62%        N/A       3%          3
 Spider Form              Tmut/Pois      30%        N/A       3%          3
 Ensorcelled Hibernation  Hex/Ice        24%        N/A       4%          2
 Scorch                   Fire           24%        2d6       4%          2
 Ignite Poison            Fire/Tmut/Pois 24%        N/A       4%          3
 Flame Wave               Conj/Fire      40%        2d9       7%          4
 Fulminant Prism          Conj/Hex       20%        3d13      7%          4
 Sticky Flame             Conj/Fire      40%        2d6       7%          4
 Call Canine Familiar     Summ           12%        N/A       10%         3
 Summon Guardian Golem    Hex/Summ       12%        N/A       10%         3
 Manifold Assault         Tloc           51%        N/A       11%         5
 Fireball                 Conj/Fire      20%        3d10      19%         5
 Summon Forest            Summ/Tloc      15%        N/A       30%         5
 Animate Armour           Summ/Erth      24%        N/A       32%         4
 Cause Fear               Hex            6%         N/A       32%         4
 Dispel Undead            Necr           12%        3d9       32%         4
 Leda's Liquefaction      Hex/Erth       6%         N/A       32%         4
 Alistair's Intoxication  Tmut/Pois      20%        N/A       32%         5
 Summon Mana Viper        Hex/Summ       12%        N/A       67%         5
 Starburst                Conj/Fire      20%        6d7       71%         6
 Summon Cactus Giant      Summ           6%         N/A       99%         6
 Ignition                 Fire           6%         3d4       100%        8
 Lehudib's Crystal Spear  Conj/Erth      20%        10d6      100%        8


Dungeon Overview and Level Annotations

Branches:
Dungeon (15/15)            Temple (1/1) D:5            Lair (5/6) D:9
 Shoals (0/4) Lair:3       Spider (0/4) Lair:2          Orc (0/2) D:12
 Vaults (0/5) D:14        Ossuary (visited)           IceCv (visited)
  Slime: Lair:5-6    Depths: D:15

Altars:
Ashenzari
Cheibriados
Dithmenos
Elyvilon
Fedhas
Gozag
Hepliaklqana
Kikubaaqudgha
Makhleb
Nemelex Xobeh
Okawaru
Qazlal
Ru
Sif Muna
Trog
Uskayaw
Vehumet
Wu Jian
Xom
Yredelemnul
Zin
The Shining One

Shops:
D:5 [   D:12 [

Annotations:
D:5 1 runed translucent door, CryoSword's ghost, novice DsAK
D:10 Snorg
D:13 exclusion: oklob plant
D:14 1 runed translucent door
Lair:3 exclusions: Rupert and oklob plant
Lair:5 Urug


Innate Abilities, Weirdness & Mutations

You are too large for most types of armour.
You have claws for hands.
Your natural rate of healing is unusually fast.
You are covered in fur. (AC +1)
You have tough skin. (AC +1)


Message History

Confirm with . or Enter, or press ? or * to list all spells.
You don't know that spell.
Unknown command.
You finish channelling your searing ray.
Unknown command.
Unknown command.
Casting: Searing Ray (safe; 1% risk of failure)
Confirm with . or Enter, or press ? or * to list all spells.
Aiming: Searing Ray (safe; 1% risk of failure)
Press: ? - help, Shift-Dir - straight line, f - cyclops, p - boulder beetle
Aim: a cyclops, quivering large rocks (heavily wounded, 98% to hit)
The searing ray hits the cyclops!
The cyclops is severely wounded. (Press . to maintain the ray.)
The cyclops throws a large rock.
The large rock hits you!!
The searing ray hits the cyclops.
The cyclops is severely wounded.
Unknown command.
The searing ray hits the cyclops.
The cyclops is almost dead.
The boulder beetle curls into a ball and begins rolling!
The cyclops throws a large rock.
The large rock hits you!!!
* * * LOW HITPOINT WARNING * * *
Unknown command.
Casting: Searing Ray (safe; 1% risk of failure)
Confirm with . or Enter, or press ? or * to list all spells.
You erupt in a blast of force!
The mystic blast hits the cyclops but does no damage.
The cyclops is almost dead.
Unknown command.
Unknown command.
Casting: Iskenderun's Mystic Blast (mildly dangerous; 2% risk of failure)
Confirm with . or Enter, or press ? or * to list all spells.
You erupt in a blast of force!
The mystic blast hits the cyclops!
You kill the cyclops!
Cheibriados appreciates the change of pace.
The mystic blast hits the boulder beetle but does no damage.
The boulder beetle is moderately wounded.
The boulder beetle hits you!!!
You die...

###### #....#
########.#..####+###
.......#...........
.......'.....##..#
########.....##..#
.........#...°...# .##
.....#...#....○..##.....
##.......#.....B@.(.....
........................
########################


You could see a boulder beetle (rolling).

Vanquished Creatures
  Rupert (Lair:3)
  Kirke (D:14)
  Agnes (D:14)
  Azrael (D:13)
  A rakshasa (D:14)
  7 hydras
  2 boulder beetles
  4 two-headed ogres
  2 centaur warriors
  Nergalle (D:10)
  A wizard (D:14)
  2 deep elf pyromancers
  4 ugly things (D:14)
  A faun (shapeshifter) (D:13)
  4 cyclopes
  Joseph (D:8)
  A black mamba (Lair:2)
  A torpor snail (Lair:3)
  2 ice statues (IceCv)
  A gargoyle (D:12)
  2 molten gargoyles (Lair:5)
  8 cane toads
  3 yaktaurs (D:14)
  An efreet (D:14)
  9 komodo dragons
  3 kobold demonologists (D:11)
  7 ice devils (IceCv)
  A meliai (Lair:2)
  6 trolls
  3 hornets
  A polar bear (Lair:3)
  10 slime creatures
  A snapping turtle (Lair:3)
  19 blink frogs
  5 wyverns
  32 yaks
  7 hogs (D:14)
  A wraith (D:13)
  5 basilisks
  A fire elemental (D:13)
  2 steam dragons
  Edmund (D:6)
  4 wargs (D:12)
  An acid dragon (D:10)
  15 water moccasins
  3 hell hounds (D:13)
  3 black bears
  4 orc warriors (D:9)
  A black bear (shapeshifter) (D:13)
  An ice beast (D:6)
  4 sky beasts
  2 ogres
  4 wolves (Lair:5)
  11 centaurs
  2 kobold brigands
  3 phantoms
  13 bullfrogs
  2 scorpions
  2 gnoll sergeants
  A two-headed ogre simulacrum (IceCv)
  6 wights
  A hornet simulacrum (D:14)
  An oklob sapling (D:13)
  11 killer bees
  5 howler monkeys
  3 vampire bats (D:9)
  2 electric eels
  5 lava snakes (Lair:5)
  A crimson imp (D:6)
  7 hounds
  A gnoll shaman (D:7)
  9 orc priests
  7 iguanas
  17 orc wizards
  8 mummies (Ossuary)
  15 gnolls
  12 adders
  A naga simulacrum (IceCv)
  4 ufetubi
  4 worms
  2 dart slugs
  43 orcs
  13 ball pythons
  3 bats
  3 bat skeletons (D:9)
  3 bat zombies (D:9)
  6 endoplasms
  5 giant cockroaches
  A gnoll zombie (Ossuary)
  11 goblins
  11 hobgoblins
  3 jackals (D:3)
  24 kobolds
  7 quokkas
  2 frilled lizards
  3 hobgoblin zombies (Ossuary)
  A kobold zombie (Ossuary)
  3 orc zombies (Ossuary)
  6 rats
513 creatures vanquished.

Vanquished Creatures (others)
  18 fungi
  30 plants
48 creatures vanquished.

Grand Total: 561 creatures vanquished

Notes
Turn   | Place    | Note
-------+----------+-------------------------------------------
     0 | D:1      | Morbidden the Troll Conjurer began the quest for the Orb.
     0 | D:1      | Reached XP level 1. HP: 16/16 MP: 1/1
   147 | D:1      | Reached XP level 2. HP: 25/26 MP: 0/2
   270 | D:1      | Got Sif Muna's Volume of Bewitchment
  1056 | D:2      | Reached XP level 3. HP: 29/32 MP: 3/3
  1612 | D:2      | Reached skill level 1 in Unarmed Combat
  1619 | D:2      | Learned a level 2 spell: Searing Ray
  1932 | D:3      | Reached XP level 4. HP: 40/40 MP: 4/4
  1966 | D:3      | Found an opulent altar of Gozag.
  2056 | D:3      | Found a bloodstained altar of Trog.
  2082 | D:3      | Found a blossoming altar of Fedhas.
  2105 | D:3      | Reached skill level 1 in Fighting
  2496 | D:3      | Reached skill level 2 in Unarmed Combat
  2537 | D:3      | Reached XP level 5. HP: 39/48 MP: 6/6
  3079 | D:4      | Reached skill level 3 in Unarmed Combat
  3136 | D:4      | Reached XP level 6. HP: 44/55 MP: 7/7
  3326 | D:4      | Reached skill level 4 in Unarmed Combat
  3419 | D:4      | Learned a level 4 spell: Iskenderun's Mystic Blast
  3454 | D:5      | Entered Level 5 of the Dungeon
  3484 | D:5      | Reached XP level 7. HP: 19/63 MP: 0/8
  3510 | D:5      | Found a staircase to the Ecumenical Temple.
  3606 | D:5      | Reached skill level 5 in Unarmed Combat
  3619 | D:5      | Reached skill level 1 in Translocations
  3636 | D:5      | Found a runed translucent door.
  3637 | D:5      | Noticed CryoSword's ghost (novice DsAK)
  3637 | D:5      | Noticed a yak
  3651 | Temple   | Entered the Ecumenical Temple
  3689 | Temple   | Became a worshipper of Cheibriados the Contemplative
  3760 | D:5      | Found a sand-covered staircase.
  3766 | Ossuary  | Entered an ossuary
  4613 | D:5      | Found Maimo's Antique Armour Emporium.
  4689 | D:5      | Found a sparkling altar of Nemelex Xobeh.
  4801 | D:5      | Reached XP level 8. HP: 51/72 MP: 2/10
  5612 | D:6      | Reached * piety under Cheibriados
  5720 | D:6      | Found a burning altar of Makhleb.
  6119 | D:6      | Identified the ring "Neuttuek" {*Corrode Will+++ MP+9 Str+6
                  | Dex+2}
  6212 | D:6      | Reached skill level 6 in Unarmed Combat
  6212 | D:6      | Reached skill level 1 in Invocations
  6303 | D:6      | Noticed Edmund
  6323 | D:6      | Killed Edmund
  7098 | D:7      | Reached XP level 9. HP: 82/83 MP: 6/12
  7191 | D:7      | Reached skill level 5 in Conjurations
  8139 | D:7      | Reached ** piety under Cheibriados
  8194 | D:7      | Found a stormy altar of Qazlal.
  8198 | D:7      | Found an ornate altar of the Wu Jian Council.
  8203 | D:7      | Found a sacrificial altar of Ru.
  9048 | D:8      | Noticed Joseph
  9094 | D:8      | Reached skill level 7 in Unarmed Combat
  9139 | D:8      | Reached *** piety under Cheibriados
  9350 | D:8      | Reached XP level 10. HP: 64/92 MP: 14/14
  9354 | D:8      | Killed Joseph
  9355 | D:8      | Reached skill level 1 in Throwing
  9355 | D:8      | Reached skill level 1 in Armour
  9509 | D:8      | Noticed a two-headed ogre
  9519 | D:8      | Learned a level 7 spell: Storm Form
  9562 | D:8      | Found a shimmering blue altar of Sif Muna.
  9645 | D:8      | Killed a two-headed ogre
  9914 | D:9      | Noticed a two-headed ogre
 10166 | D:9      | Found a staircase to the Lair.
 10571 | D:9      | Reached skill level 1 in Air Magic
 10588 | D:8      | Reached skill level 1 in Transmutations
 10802 | D:9      | Reached **** piety under Cheibriados
 10928 | D:9      | Found a glowing silver altar of Zin.
 10962 | D:9      | Found an ancient bone altar of Kikubaaqudgha.
 11041 | D:9      | Killed a two-headed ogre
 11151 | D:9      | Paralysed by a hornet for 2 turns
 11155 | D:9      | HP: 4/94 [yak (7)]
 11542 | D:9      | Identified a scroll of acquirement
 11543 | D:9      | Acquired the ring of Idorob {rPois rF+}
 11758 | D:9      | Reached ***** piety under Cheibriados
 11816 | D:9      | Reached XP level 11. HP: 101/101 MP: 16/16
 11939 | D:10     | Entered Level 10 of the Dungeon
 12229 | D:10     | Found a broken altar of Ashenzari.
 12233 | D:10     | Saw a vision of the Shoals and the Spider Nest.
 12233 | D:10     | Noticed a wolf spider
 12233 | D:10     | Noticed a sea snake
 12233 | D:10     | Noticed a wolf spider
 12483 | D:10     | Found a hide-covered altar of Uskayaw.
 12638 | D:10     | Noticed Snorg
 12683 | D:10     | Noticed Nergalle
 12691 | D:10     | Killed Nergalle
 12845 | D:10     | Noticed a two-headed ogre
 12854 | D:10     | Killed a two-headed ogre
 12855 | D:10     | Reached skill level 5 in Dodging
 12855 | D:10     | Reached skill level 8 in Unarmed Combat
 13061 | Lair:1   | Entered Level 1 of the Lair of Beasts
 13741 | Lair:1   | Identified the +1 leather armour of Midwinter {rPois rC+++
                  | Dex+2 Slay-3}
 14117 | Lair:1   | Reached skill level 5 in Spellcasting
 14538 | Lair:2   | Reached skill level 5 in Fighting
 14751 | Lair:2   | Reached XP level 12. HP: 111/111 MP: 15/18
 14849 | Lair:2   | Reached skill level 5 in Invocations
 15072 | Lair:2   | Reached ****** piety under Cheibriados
 15258 | Lair:2   | Noticed a seven-headed hydra
 15264 | Lair:2   | Killed a seven-headed hydra
 15294 | Lair:2   | Found a hole to the Spider Nest.
 15729 | Lair:3   | Noticed Rupert
 16046 | Lair:3   | Killed Rupert
 16185 | Lair:3   | Reached skill level 9 in Unarmed Combat
 16534 | Lair:3   | Found a staircase to the Shoals.
 16794 | Lair:4   | Learned a level 2 spell: Wereblood
 16828 | Lair:4   | Learned a level 1 spell: Beastly Appendage
 18233 | Lair:5   | Noticed a death yak
 18234 | Lair:5   | Noticed a death yak
 18240 | Lair:5   | Noticed a death yak
 18257 | Lair:5   | Reached XP level 13. HP: 61/119 MP: 4/20
 18329 | Lair:5   | Noticed Urug
 18417 | Lair:5   | Found an ornate altar of the Wu Jian Council.
 19492 | D:11     | Identified the ring of Sloth {Str+6 Int+4 Slay+3}
 20383 | D:12     | Found a staircase to the Orcish Mines.
 20395 | D:12     | Found Fexyec's Antique Armour Boutique.
 20400 | D:12     | Bought a smouldering cloak for 218 gold pieces
 20400 | D:12     | Identified the +1 cloak of Miracles {Will- Dex+4 Slay+3}
                  | (You bought it in a shop on level 12 of the Dungeon)
 20758 | D:13     | Found a frozen archway.
 20769 | IceCv    | Entered an ice cave
 21454 | IceCv    | Noticed a reaper
 21976 | D:13     | Noticed Azrael
 21994 | D:13     | Killed Azrael
 22242 | D:13     | Reached skill level 5 in Translocations
 22749 | D:14     | Reached skill level 10 in Unarmed Combat
 22894 | D:14     | You fall into a shaft and drop 1 floor!
 22894 | D:15     | Entered Level 15 of the Dungeon
 22989 | D:14     | Noticed Kirke
 23010 | D:14     | Killed Kirke
 23303 | D:14     | Reached XP level 14. HP: 103/130 MP: 22/22
 23469 | D:14     | Found an opulent altar of Gozag.
 23800 | D:14     | Noticed Agnes
 23806 | D:14     | Killed Agnes
 23975 | D:14     | Found a runed translucent door.
 23975 | D:14     | Noticed a tengu reaver
 24007 | D:14     | Reached skill level 5 in Transmutations
 24062 | D:14     | Noticed a storm dragon
 24110 | D:14     | Found a gate to the Vaults.
 24542 | D:15     | Slain by a boulder beetle

Illustrated notes

Levels and vault maps discovered:
D:1:      dpeg_arrival_line_fractal, layout_basic
D:2:      layout_basic, grunt_ministairs_12, st_stairs_9,
          minmay_increasing_density
D:3:      layout_rooms, mainiacjoe_overflow_boulevard,
          mainiacjoe_overflow_24_doors, grunt_gozag_statues,
          cheibrodos_gnoll_hut
D:4:      minmay_bubble_buster, layout_rooms, serial_corexii_hall,
          corexii_hall_statues_i, corexii_hall_statues_x,
          chequers_serial_rivers_micro_e
D:5:      layout_basic, nemelex_diamond_rough_becter, minmay_temple_entry_tees,
          ebering_ghost_inner_flame, nicolae_ossuary_entry_plus, serial_shops,
          nicolae_shop_stone
D:6:      layout_layer_cave, makhleb_grotto_becter, uniq_edmund
D:7:      minmay_skewed_foursquare, layout_basic, grunt_temple_overflow_diamond,
          grunt_ministairs_2
D:8:      layout_rooms, lemuel_blue_sif_altar, uniq_joseph
D:9:      layout_loops_ring, kennysheep_vampire_church,
          mainiacjoe_overflow_chevrons, lair_entry_dummy, minivault_27,
          kennysheep_generic_room_3
D:10:     layout_roguey, nicolae_uskayaw_murder_on_the_dancefloor,
          grunt_ashenzari_visionary [grunt_ashenzari_visionary_shoals,
          grunt_ashenzari_visionary_spider], hangedman_abyss_or_decor_slice,
          uniq_nergalle, uniq_snorg
D:11:     layout_stronghold, hangedman_decor_riveting
D:12:     layout_rooms, minmay_orc_entry_guard_dogs, serial_shops, shop_statue
D:13:     layout_rooms, portal_ice_cave_entry_pillars_2,
          introduction_to_nature_1, uniq_azrael
D:14:     layout_roguey, david_vaults_2, basic_altar, minmay_hidden_floor,
          uniq_agnes, uniq_kirke
D:15:     grunt_enter_depths_snipers, layout_stronghold,
          hellmonk_bongcloud_opening, minmay_orc_keep
Temple:   jpeg_temple_island
Lair:1:   dreamdust_cave_troll, layout_cave_shapes, infiniplex_staircase_pool
Lair:2:   layout_roguey, hellmonk_spider_entry_not_the_bees, grunt_megastairs_2
Lair:3:   layout_concentric_octagons, minmay_shoals_entry_hut,
          minmay_lair_oklob_bushes, minmay_holes, serial_bayou_shore_a,
          uniq_rupert
Lair:4:   layout_cave_pods
Lair:5:   cheibrodos_magma_flow, layout_layer_cave, slime_altar_1, basic_altar,
          grunt_forest_small_clearings, serial_bayou_shore_b, uniq_urug

Skill      XL: |  1  2  3  4  5  6  7  8  9 10 11 12 13 14 |
---------------+-------------------------------------------+-----
Conjurations   | 3 4 5 6 7 |  7.6
Unarmed Combat | 1 2 3 4 5 6 7 8 9 10 | 10.3
Dodging        | 2 3 4 5 6 |  6.8
Fighting       | 1 2 3 4 5 6 |  6.5
Translocations | 1 2 3 4 5 |  5.3
Spellcasting   | 2 3 4 5 6 |  6.6
Invocations    | 1 3 4 5 6 |  6.6
Throwing       | 1 2 4 |  4.4
Armour         | 1 2 3 |  3.0
Air Magic      | 1 2 3 4 |  4.5
Transmutations | 1 2 4 5 |  5.0
Stealth        | 2 |  2.5
Evocations     | |  0.4

Action                   |  1- 3 |  4- 6 |  7- 9 | 10-12 | 13-15 || total
-------------------------+-------+-------+-------+-------+-------++-------
Melee: Unarmed           |   133 |   144 |   182 |   243 |   205 ||   907
       Punch             |     1 |     4 |     8 |    15 |    20 ||    48
       Kick              |       |       |       |    14 |     9 ||    23
       Headbutt          |       |       |       |    10 |     8 ||    18
Throw: Javelin           |       |     1 |    15 |    19 |    23 ||    58
       Throwing net      |       |       |     1 |     3 |       ||     4
       Boomerang         |       |       |     7 |    41 |   116 ||   164
       Dart              |       |       |       |     2 |     4 ||     6
 Cast: Magic Dart        |    20 |    34 |   186 |   102 |    33 ||   375
       Searing Ray       |       |     6 |    36 |    68 |    26 ||   136
       Iskenderun's Myst |       |       |       |    74 |    77 ||   151
       Beastly Appendage |       |       |       |     9 |     5 ||    14
       Wereblood         |       |       |       |     4 |     6 ||    10
Invok: Slouch            |       |       |       |     1 |     1 ||     2
Evoke: Wand              |       |       |     3 |     9 |       ||    12
       Lightning rod     |       |       |       |     4 |       ||     4
  Use: Scroll            |       |    10 |     6 |    21 |     9 ||    46
       Potion            |       |       |     4 |     1 |     2 ||     7
 Stab: Sleeping          |     3 |     2 |       |     2 |     3 ||    10
       Paralysed         |       |       |       |     4 |       ||     4
Armor: Robe              |    53 |    33 |    50 |    19 |       ||   155
       Acid dragon scale |       |       |       |    36 |    42 ||    78
       Troll leather arm |       |       |       |       |    37 ||    37
Dodge: Dodged            |    58 |    64 |   146 |   280 |   228 ||   776

Table legend: (Time is in decaauts)
 A = Elapsed time spent in this place.
 B = Non-inter-level travel time spent in this place.
 C = Inter-level travel time spent in this place.
 D = Time resting spent in this place.
 E = Time spent auto-exploring this place.
 F = Levels seen in this place.
 G = Mean time per level.
                   A        B        C        D        E       F      G
               +--------+--------+--------+--------+--------+-----+--------+
         Total |  32410 |  30949 |   1461 |   3686 |  22229 |  23 | 1409.1 |
       Dungeon |  22280 |  21328 |    952 |   2328 |  15725 |  15 | 1485.3 |
        Temple |     73 |     40 |     33 |      0 |      0 |   1 |   73.0 |
          Lair |   8204 |   7730 |    474 |    601 |   6017 |   5 | 1640.8 |
       Ossuary |    880 |    880 |      0 |    296 |    406 |   1 |  880.0 |
      Ice Cave |    971 |    971 |      0 |    461 |     80 |   1 |  971.0 |
               +--------+--------+--------+--------+--------+-----+--------+

Top non-repeatable levels by time:
    D:14: 2443 daAuts
     D:7: 2365 daAuts
     D:9: 2144 daAuts
    D:11: 2079 daAuts
  Lair:4: 1959 daAuts
  Lair:2: 1939 daAuts
     D:8: 1935 daAuts
     D:6: 1821 daAuts
    D:10: 1729 daAuts
  Lair:1: 1585 daAuts
    D:13: 1509 daAuts
  Lair:3: 1472 daAuts
  Lair:5: 1248 daAuts
     D:5: 1085 daAuts
     D:1: 1046 daAuts
